 Dungeon Crawl Stone Soup version 0.27-a0-95-g5a9077b8ae (webtiles) character file.

Game seed: 4703814382891194190

49 dickylongcocking the Digger (level 3, -2/14 HPs)
             Began as a Felid Earth Elementalist on Jan 17, 2021.
             Slain by an orc (3 damage)
             ... on level 2 of the Dungeon.
             The game lasted 00:01:53 (1477 turns).

dickylongcocking the Digger (FeEE)                  Turns: 1477, Time: 00:01:53

Health: -2/14      AC:  1    Str:  4    XL:     3   Next: 51%
Magic:  1/7        EV: 18    Int: 17    God:
Gold:   111        SH:  0    Dex: 16    Spells: 3/7 levels left
                                        Lives:  0   Deaths: 0

rFire    . . .     SeeInvis +   (weapon unavailable)
rCold    . . .     Faith    .   (shield unavailable)
rNeg     . . .     Spirit   .   (armour unavailable)
rPois    .         Reflect  .   (helmet unavailable)
rElec    .         Harm     .   (cloak unavailable)
rCorr    .         Rampage  .   (gloves unavailable)
Will     .....                  (boots unavailable)
Stlth    +++.......             (no amulet)
HPRegen  0.04/turn              (no ring)
MPRegen  0.10/turn              (no ring)

@: quick
A: very small, no armour, no weapons or thrown items, stealth, claws 1, fangs 3,
see invisible, speed 1, shaggy fur 1, sharp paws
a: no special abilities


You were on level 2 of the Dungeon.
You visited 1 branch of the dungeon, and saw 2 of its levels.

You collected 111 gold pieces.

Inventory:

Missiles
 b - 5 stones
Scrolls
 a - a scroll of enchant armour {unknown}
 c - a scroll of remove curse {unknown}
 d - a scroll of identify {unknown}
 g - 3 scrolls of teleportation {unknown}
 h - a scroll of noise {unknown}
Potions
 e - a potion of curing {unknown}
 f - a potion of berserk rage {unknown}
 i - a potion of lignification {unknown}


   Skills:
 - Level 2.6 Dodging
 - Level 2.6 Stealth
 * Level 2.5 Spellcasting
 * Level 2.2 Transmutations
 * Level 3.4 Earth Magic


You had 3 spell levels left.
You knew the following spells:

 Your Spells              Type           Power        Failure   Level
a - Sandblast             Erth           26%          4%          1
b - Stone Arrow           Conj/Erth      14%          26%         3

Your spell library contained the following spells:

 Spells                   Type           Power        Failure   Level
 Passwall                 Tmut/Erth      9%           9%          2
 Petrify                  Tmut/Erth      11%          50%         4
 Lee's Rapid Deconstruct  Erth           6%           77%         5


Dungeon Overview and Level Annotations

Branches:
Dungeon (2/15)

Altars:

Annotations:
D:2 Robin


Innate Abilities, Weirdness & Mutations

You cannot wear armour.
You are incapable of wielding weapons or throwing items.
Your paws allow you to move quietly. (Stealth)
You have sharp claws.
You have razor-sharp teeth.
You have supernaturally acute eyesight. (SInv)
You cover ground quickly.
You are covered in fur. (AC +1)
Your sharp claws are effective at attacking unaware monsters.


Message History

The goblin hits you but does no damage.
You scratch the orc.
The orc is severely wounded.
The orc barely misses you. x2; The goblin hits you.
You barely miss the orc.
The orc is severely wounded.
The goblin no longer looks unusually strong.
The hobgoblin no longer looks unusually strong.
The orc misses you. The orc hits you. The goblin completely misses you.
Casting: Sandblast (safe; 4% risk of failure)
Confirm with . or Enter, or press ? or * to list all spells.
Aiming: Sandblast (safe; 4% risk of failure)
Press: ? - help, Shift-Dir - straight line, f - goblin
Aim: a goblin (strong, 26% to evade)
The blast of sand hits the goblin!
You kill the goblin!
The orc hits you with a +0 club.
* * * LOW HITPOINT WARNING * * *
The orc hits you.
You die...

#.###...............####
......................
......................
......................
..................)...
##...............####
#................#
#......#o#######.#
#......†@ogggggg.#
##.##########)#g.# #..
###..#..# #. #)o.##g.# #
#...o##


gg# #$..#. ..# ..#8( ## gg# #.# #.( g.# # 8.$ You could see 2 orcs, 4 hobgoblins
and 3 goblins.

Vanquished Creatures
  2 dart slugs (D:1)
  A leopard gecko (D:1)
  2 giant cockroaches
  8 goblins
  9 hobgoblins
  3 jackals (D:1)
  3 kobolds (D:1)
  2 ball pythons (D:1)
  4 bats (D:1)
  2 frilled lizards
  2 rats (D:1)
38 creatures vanquished.

Notes
Turn   | Place    | Note
-------+----------+-------------------------------------------
     0 | D:1      | dickylongcocking the Felid Earth Elementalist began the
                  | quest for the Orb.
     0 | D:1      | Reached XP level 1. HP: 7/7 MP: 4/4
    84 | D:1      | Reached skill level 3 in Earth Magic
   172 | D:1      | Reached XP level 2. HP: 11/11 MP: 3/6
   732 | D:1      | Reached XP level 3. HP: 14/14 MP: 5/7
   960 | D:1      | Learned a level 3 spell: Stone Arrow
  1462 | D:2      | Noticed Robin
  1477 | D:2      | Slain by an orc

Illustrated notes

Levels and vault maps discovered:
D:1:      onia_arrival_pentagram, layout_basic
D:2:      minmay_spotlight, layout_basic, overflow_temple_1_default,
          nicolae_overflow_hidden_temple, guppyfry_early_orc_mine, uniq_robin

Skill      XL: |  1  2  3 |
---------------+----------+-----
Earth Magic    | 3 |  3.4
Transmutations | 2 |  2.2
Dodging        | |  2.6
Stealth        | |  2.6
Spellcasting   | |  2.5

Action                   || total
-------------------------++-------
Melee: Unarmed           ||    13
       Bite              ||     2
 Cast: Sandblast         ||    47
       Stone Arrow       ||     1
 Stab: Sleeping          ||     1
Armor: Skin              ||     2
Dodge: Dodged            ||    38

Table legend: (Time is in decaauts)
 A = Elapsed time spent in this place.
 B = Non-inter-level travel time spent in this place.
 C = Inter-level travel time spent in this place.
 D = Time resting spent in this place.
 E = Time spent auto-exploring this place.
 F = Levels seen in this place.
 G = Mean time per level.
                   A        B        C        D        E       F      G
               +--------+--------+--------+--------+--------+-----+--------+
         Total |   1336 |   1310 |     26 |    197 |    875 |   2 |  668.0 |
       Dungeon |   1336 |   1310 |     26 |    197 |    875 |   2 |  668.0 |
               +--------+--------+--------+--------+--------+-----+--------+

Top non-repeatable levels by time:
     D:1: 1243 daAuts
     D:2: 92 daAuts
